 Dungeon Crawl Stone Soup version 0.25-a0-701-gb30f108f01 (webtiles) character file.

Game seed: 15797308021772222709, levelgen mode: deterministic

3294 kae the Grappler (level 9, -13/64 HPs)
             Began as a White Draconian Transmuter on Apr 3, 2020.
             Mangled by a crimson imp
             ... wielding the +10 dagger of the Evil Eye {elec, Str+2}
              (14 damage)
             ... on level 7 of the Dungeon.
             The game lasted 00:08:44 (9067 turns).

kae the Grappler (White Draconian Transmuter)       Turns: 9067, Time: 00:08:45

Health: -13/64     AC:  2    Str: 15      XL:     9   Next: 69%
Magic:  17/18      EV: 18    Int: 14      God:
Gold:   160        SH:  0    Dex: 15 (17) Spells: 15/21 levels left

rFire    . . .     SeeInvis .     - Unarmed
rCold    . . .     Gourm    .   (shield currently unavailable)
rNeg     . . .     Faith    .   (armour unavailable)
rPois    x         Spirit   .   (helmet currently unavailable)
rElec    .         Reflect  .   (cloak currently unavailable)
rCorr    .         Harm     .   (gloves currently unavailable)
MR       ++...                  (boots currently unavailable)
Stlth    +.........             (no amulet)
HPRegen  0.20/turn              l - ring of protection from magic
MPRegen  0.16/turn              k - ring of protection from magic

@: spider-form, drained
A: tiny, (breathe frost), unfitting armour, AC +7
a: End Transformation


You were on level 7 of the Dungeon.
You were very hungry.
You were a venomous arachnid creature.
You visited 1 branch of the dungeon, and saw 7 of its levels.

You collected 303 gold pieces.
You spent 143 gold pieces at shops.

Inventory:

Hand Weapons
 b - a +2 vampiric spear (melded)
 f - a +0 whip
Missiles
 a - 56 arrows
Jewellery
 g - an uncursed ring of protection from cold
 i - a +2 ring of intelligence
 k - a ring of protection from magic (right front leg)
 l - a ring of protection from magic (left front leg)
 n - an uncursed ring of stealth
 q - an uncursed ring of resist corrosion
Wands
 r - a wand of digging (3)
Scrolls
 e - a scroll of fog
 j - 6 scrolls of remove curse
 v - a scroll of random uselessness {unknown}
 w - 2 scrolls of enchant weapon
 y - 2 scrolls of summoning
Potions
 d - a potion of invisibility
 h - 2 potions of degeneration
 m - a potion of brilliance {unknown}
 o - a potion of flight
 p - 2 potions of stabbing
 s - a potion of lignification {unknown}
 t - a potion of mutation
 u - 2 potions of curing
Comestibles
 c - 7 rations


   Skills:
 - Level 1.1(0.5) Fighting
 - Level 1.7(1.1) Dodging
 * Level 10.2(9.4) Unarmed Combat
 + Level 6.5(5.8) Spellcasting
 + Level 7.1(6.4) Transmutations


You had 15 spell levels left.
You knew the following spells:

 Your Spells              Type           Power        Failure   Level  Hunger
a - Beastly Appendage     Tmut           ###...       5%          1    None
b - Sticks to Snakes      Tmut           ###.....     7%          2    #......
c - Spider Form           Tmut/Pois      ##........   30%         3    ###....

Your spell library contained the following spells:

 Spells                   Type           Power        Failure   Level  Hunger
 Magic Dart               Conj           #...         34%         1    None
 Blink                    Tloc           N/A          45%         2    #......
 Call Imp                 Summ           #.......     45%         2    #......
 Slow                     Hex            #.......     45%         2    #......
 Blade Hands              Tmut           ###.......   52%         5    ######.
 Ice Form                 Ice/Tmut       ##......     61%         4    ####...
 Conjure Flame            Conj/Fire      #.......     65%         3    ###....
 Mephitic Cloud           Conj/Pois/Air  #.......     65%         3    ###....


Dungeon Overview and Level Annotations

Branches:
Dungeon (7/15)
 Temple: D:4-7

Altars:
Nemelex Xobeh
The Shining One

Shops:
D:6 !

Annotations:
D:3 Grinder
D:6 3 runed translucent doors, Dowan; Duvessa; emiel's ghost, novice DsWn


Innate Abilities, Weirdness & Mutations

((You can breathe waves of freezing cold.))
((You can buffet flying creatures when you breathe cold.))
((Your icy white scales are hard. (AC +7)))
You cannot fit into any form of body armour.
((Your flesh is cold resistant. (rC+)))
((You are cold-blooded and may be slowed by cold attacks.))


Message History

The crimson imp hits you with the +10 dagger of the Evil Eye {elec, Str+2}.
You closely miss the wight.
The crimson imp shouts, "Scamper home, thou pandering dread-bolted bandersnitch!"
The crimson imp hits you with the +10 dagger of the Evil Eye {elec, Str+2}.
You are electrocuted!
The wight hits you with a cursed +5 war axe!
* * * LOW HITPOINT WARNING * * *
You feel drained.
* * * LOW HITPOINT WARNING * * *
You hit the wight but do no damage.
The crimson imp hits you with the +10 dagger of the Evil Eye {elec, Str+2}.
* * * LOW HITPOINT WARNING * * *
The wight hits you with a cursed +5 war axe!
* * * LOW HITPOINT WARNING * * *
You feel drained.
You barely miss the wight.
The crimson imp hits you with the +10 dagger of the Evil Eye {elec, Str+2}.
* * * LOW HITPOINT WARNING * * *
You are electrocuted!
You die...

#.##.####.#
#.##.# #.##.#
.#######.##.#
............####.
########.........
#####.#.####
#.5.....#
#s###.### #z# #.#
#.# #.# #.# #.#
#.# #.# #.# #..
#.##### #....#
####z#


You could see a wight and a crimson imp.

Vanquished Creatures
  Harold (D:6)
  Pikel (D:5)
  Prince Ribbit (D:5)
  A hippogriff (D:7)
  Eustachio (D:5)
  A sky beast (D:5)
  4 slaves (D:5)
  An ice beast (D:6)
  An ogre (D:6)
  2 phantoms
  A centaur (D:6)
  Blork the orc (D:5)
  3 scorpions
  5 wights
  A crimson imp (D:7)
  A quasit (D:7)
  2 bullfrog zombies
  3 hounds
  An orc priest (D:6)
  3 iguanas
  3 worker ants
  2 hound skeletons
  10 adders
  3 gnolls (D:6)
  A howler monkey skeleton (D:6)
  A shadow imp (D:6)
  2 oozes
  2 adder zombies
  2 adder skeletons (D:4)
  3 worms
  2 dart slugs
  8 leopard geckos
  7 orcs
  5 giant cockroaches
  8 goblins
  6 hobgoblins
  7 jackals
  12 kobolds
  2 quokkas
  8 bats
  A jackal skeleton (D:4)
  4 rats
134 creatures vanquished.

Vanquished Creatures (others)
  A hound (D:6)
1 creature vanquished.

Grand Total: 135 creatures vanquished

Notes
Turn   | Place    | Note
-------+----------+-------------------------------------------
     0 | D:1      | kae the Draconian Transmuter began the quest for the Orb.
     0 | D:1      | Reached XP level 1. HP: 16/16 MP: 3/3
   111 | D:1      | Reached XP level 2. HP: 17/23 MP: 5/5
   610 | D:1      | Reached XP level 3. HP: 26/28 MP: 4/6
  1422 | D:2      | Reached skill level 4 in Unarmed Combat
  1635 | D:2      | Reached XP level 4. HP: 33/35 MP: 5/7
  2181 | D:3      | Noticed Grinder
  2499 | D:3      | Paralysed by Grinder for 6 turns
  2795 | D:4      | Reached XP level 5. HP: 39/40 MP: 9/9
  2799 | D:4      | Learned a level 2 spell: Sticks to Snakes
  2803 | D:4      | Learned a level 3 spell: Spider Form
  3033 | D:4      | Reached skill level 5 in Unarmed Combat
  3255 | D:4      | Reached XP level 6. HP: 37/47 MP: 7/11
  3972 | D:4      | Found a sparkling altar of Nemelex Xobeh.
  4165 | D:5      | Entered Level 5 of the Dungeon
  4443 | D:5      | Found a glowing golden altar of the Shining One.
  4443 | D:5      | Noticed Blork the orc
  4450 | D:5      | Killed Blork the orc
  4450 | D:5      | Reached skill level 6 in Unarmed Combat
  4450 | D:5      | Your scales start taking on an icy white colour.
  4450 | D:5      | Reached XP level 7. HP: 26/52 MP: 8/12
  4450 | D:5      | Gained mutation: Your flesh is cold resistant. (rC+) [White
                  | Draconian growth]
  5261 | D:5      | Noticed Prince Ribbit
  5261 | D:5      | Noticed Pikel
  5452 | D:5      | Noticed Eustachio
  5667 | D:5      | Killed Eustachio
  6004 | D:5      | Killed Pikel
  6004 | D:5      | Reached skill level 7 in Unarmed Combat
  6004 | D:5      | Reached skill level 5 in Transmutations
  6004 | D:5      | Reached XP level 8. HP: 23/59 MP: 8/15
  6269 | D:5      | Killed Prince Ribbit
  6269 | D:5      | Reached skill level 8 in Unarmed Combat
  6269 | D:5      | Reached skill level 5 in Spellcasting
  6896 | D:6      | Found Itiliara's Distillery.
  6904 | D:6      | Bought a potion of mutation for 104 gold pieces
  6904 | D:6      | Bought a potion of curing for 39 gold pieces
  6912 | D:6      | Noticed Duvessa
  6912 | D:6      | Noticed Dowan
  6936 | D:6      | Found a runed translucent gate.
  6936 | D:6      | Found a runed translucent gate.
  6936 | D:6      | Found a runed translucent gate.
  7734 | D:6      | Reached skill level 9 in Unarmed Combat
  7734 | D:6      | Reached XP level 9. HP: 64/64 MP: 14/17
  8203 | D:6      | Noticed emiel's ghost (novice DsWn)
  8479 | D:7      | Noticed Harold
  8500 | D:6      | Killed Harold
  8752 | D:7      | Reached skill level 10 in Unarmed Combat
  9043 | D:7      | Identified the +10 dagger of the Evil Eye {elec, Str+2}
  9067 | D:7      | HP: 1/64 [crimson imp/the +10 dagger of the Evil Eye {elec,
                  | Str+2} (5)]
  9067 | D:7      | Mangled by a crimson imp

Levels and vault maps discovered:
D:1:      heliophobic_arrival_battle_scene, layout_basic
D:2:      cheibrodos_old_hovel, layout_basic
D:3:      layout_rooms, nicolae_overflow_hidden_temple, uniq_grinder
D:4:      cheibrodos_barr_body, layout_gridville, first_ration,
          nemelex_diamond_rough_becter
D:5:      layout_basic, tso_altar, uniq_prince_ribbit1, uniq_eustachio,
          uniq_pikel, uniq_blork_the_orc
D:6:      layout_basic, serial_shops, shop, gammafunk_ghost_icy, uniq_duvessa
D:7:      layout_loops_ring, temple_pool_b, basic_altar, grunt_ogre_cave,
          uniq_harold

Skill      XL: |  1  2  3  4  5  6  7  8  9 |
---------------+----------------------------+-----
Unarmed Combat | 4 5 6 7 9 10 | 10.2
Transmutations | 3 4 5 6 7 |  7.1
Spellcasting   | 3 4 5 6 |  6.5
Fighting       | |  1.1
Dodging        | |  1.7

Action                   |  1- 3 |  4- 6 |  7- 9 || total
-------------------------+-------+-------+-------++-------
Melee: Unarmed           |    65 |    11 |   162 ||   238
       Tailslap          |    10 |    20 |    14 ||    44
       Kick              |     6 |     9 |     2 ||    17
       Headbutt          |     6 |     4 |     4 ||    14
       Whip              |    19 |       |       ||    19
       Spear             |    80 |   214 |   128 ||   422
       Punch             |       |     3 |     4 ||     7
 Cast: Beastly Appendage |    14 |    12 |     5 ||    31
       Spider Form       |       |     2 |    19 ||    21
       Sticks to Snakes  |       |     4 |     4 ||     8
 Abil: Breathe Frost     |       |       |     3 ||     3
  Use: Scroll            |     2 |     8 |     3 ||    13
       Potion            |       |     1 |     4 ||     5
 Stab: Sleeping          |       |       |     1 ||     1
  Eat: Chunk             |     2 |     9 |     8 ||    19
       Ration            |       |       |     3 ||     3
Armor: Skin              |    46 |    71 |    53 ||   170
Dodge: Dodged            |   111 |   167 |   184 ||   462

Table legend:
 A = Non-vault XP
 B = Vault XP
 C = Vault XP percentage of total XP
 D = Non-vault monster count
 E = Vault monster count
 F = Vault count percentage of total count
                 A         B        C        D         E       F
            +---------+---------+-------+---------+---------+-------
      Total |    2309 |    2397 |  50.9 |     116 |      15 |  11.5
            +---------+---------+-------+---------+---------+-------
        D:1 |      47 |       0 |   0.0 |      25 |       0 |   0.0
        D:2 |      61 |       3 |   4.7 |      20 |       1 |   4.8
        D:3 |      81 |       0 |   0.0 |      20 |       0 |   0.0
        D:4 |     264 |     152 |  36.5 |      10 |       9 |  47.4
        D:5 |     322 |    1235 |  79.3 |      11 |       4 |  26.7
        D:6 |     930 |    1007 |  52.0 |      21 |       1 |   4.5
        D:7 |     604 |       0 |   0.0 |       9 |       0 |   0.0
            +---------+---------+-------+---------+---------+-------
